[ AOE2 MATCH · #468130960 ]
1v1 RMShu vs Magyars
Player's team · WIN
Rival team · LOSS
[ REPLAY ANALYSIS · EXTRACTED FROM THE RECORDED GAME ]
Feudal
9:40
Castle
20:17
Imperial
—
| APM avg | 68.6 |
| APM peak | 107 |
| eAPM avg | 24.3 |
| Villagers / military | 66 / 80 |
Focus
⚔️ 37.9% · 🌾 62.1%
Spearman ×47 · Archer ×30 · Militia ×3
Feudal
11:29
Castle
16:48
Imperial
—
| APM avg | 47.3 |
| APM peak | 136 |
| eAPM avg | 14.6 |
| Villagers / military | 40 / 97 |
Focus
⚔️ 47.6% · 🌾 52.4%
Magyar Huszar ×97
Match map
Initial resources + every placement click. Lines = walls · curves = elevation contours. ◆ gold · ⬟ stone · ● berries · ✦ relic · ◌ wall gap
Inputs per minute
— Menerell - - doecke998
Build order — Menerell
First 150 of 234 actions detected
| 0:00 | Create | Villager (Male) |
| 0:00 | Create | Villager (Male) |
| 0:00 | Create | Villager (Male) |
| 0:02 | Build | House |
| 0:03 | Build | House |
| 0:03 | Create | Villager (Male) |
| 1:31 | Create | Villager (Male) |
| 1:54 | Build | Lumber Camp |
| 1:58 | Create | Villager (Male) |
| 2:20 | Create | Villager (Male) |
| 2:54 | Create | Villager (Male) |
| 3:15 | Create | Villager (Male) |
| 3:45 | Create | Villager (Male) |
| 3:55 | Create | Villager (Male) |
| 4:00 | Build | House |
| 4:01 | Build | House |
| 4:21 | Build | Mill |
| 4:26 | Create | Villager (Male) |
| 4:48 | Create | Villager (Male) |
| 5:06 | Create | Villager (Male) |
| 5:16 | Create | Villager (Male) |
| 5:36 | Create | Villager (Male) |
| 5:51 | Create | Villager (Male) |
| 6:19 | Build | Barracks |
| 6:43 | Research | Loom |
| 7:26 | Research | Feudal Age |
| 7:32 | Build | Mining Camp |
| 7:46 | Create | Militia |
| 7:58 | Build | House |
| 8:08 | Create | Militia |
| 8:30 | Create | Militia |
| 8:58 | Create | Villager (Male) |
| 9:40 | Age | Feudal Age |
| 9:41 | Research | Man-at-Arms (upgrade) |
| 9:41 | Research | Man-at-Arms (upgrade) |
| 9:43 | Research | Double-Bit Axe |
| 9:59 | Create | Villager (Male) |
| 10:04 | Build | Archery Range |
| 10:48 | Create | Villager (Male) |
| 10:52 | Build | Farm |
| 10:52 | Build | Farm |
| 10:53 | Build | Farm |
| 10:57 | Create | Villager (Male) |
| 10:59 | Create | Archer |
| 10:59 | Create | Archer |
| 11:02 | Build | House |
| 11:04 | Build | Palisade Wall |
| 11:15 | Create | Villager (Male) |
| 11:26 | Create | Archer |
| 11:51 | Create | Archer |
| 11:53 | Create | Villager (Male) |
| 12:02 | Create | Spearman |
| 12:07 | Build | Farm |
| 12:09 | Build | House |
| 12:13 | Create | Villager (Male) |
| 12:14 | Create | Archer |
| 12:39 | Create | Villager (Male) |
| 12:57 | Build | Farm |
| 12:59 | Build | Farm |
| 13:11 | Create | Villager (Male) |
| 13:14 | Build | Blacksmith |
| 13:39 | Create | Villager (Male) |
| 13:41 | Create | Archer |
| 13:43 | Create | Villager (Male) |
| 13:45 | Build | Farm |
| 14:10 | Create | Villager (Male) |
| 14:11 | Build | House |
| 14:13 | Build | House |
| 14:15 | Research | Fletching |
| 14:49 | Create | Villager (Male) |
| 15:00 | Create | Villager (Male) |
| 15:21 | Create | Villager (Male) |
| 15:25 | Create | Villager (Male) |
| 15:42 | Create | Villager (Male) |
| 15:42 | Create | Archer |
| 15:43 | Create | Archer |
| 15:48 | Build | Farm |
| 15:48 | Build | Farm |
| 15:49 | Build | Farm |
| 16:11 | Build | Market |
| 16:14 | Build | Farm |
| 16:30 | Create | Archer |
| 16:30 | Create | Villager (Male) |
| 16:51 | Create | Archer |
| 16:51 | Create | Archer |
| 17:07 | Create | Villager (Male) |
| 17:10 | Build | House |
| 17:11 | Build | Palisade Wall |
| 17:17 | Build | House |
| 17:27 | Research | Castle Age |
| 17:39 | Build | Archery Range |
| 17:41 | Create | Villager (Male) |
| 17:50 | Create | Spearman |
| 17:55 | Build | Palisade Wall |
| 18:02 | Build | House |
| 18:03 | Build | Palisade Wall |
| 18:06 | Build | Palisade Wall |
| 18:08 | Build | House |
| 18:09 | Build | Palisade Wall |
| 18:16 | Create | Spearman |
| 18:19 | Create | Archer |
| 19:06 | Create | Archer |
| 19:06 | Create | Archer |
| 19:15 | Build | House |
| 19:16 | Create | Archer |
| 19:21 | Build | Farm |
| 19:21 | Create | Archer |
| 19:35 | Create | Villager (Male) |
| 19:50 | Build | Palisade Wall |
| 19:57 | Create | Villager (Male) |
| 20:12 | Create | Villager (Male) |
| 20:14 | Create | Archer |
| 20:14 | Create | Archer |
| 20:17 | Age | Castle Age |
| 20:24 | Build | House |
| 20:27 | Research | Crossbowman (upgrade) |
| 20:27 | Research | Bodkin Arrow |
| 20:34 | Research | Pikeman (upgrade) |
| 20:45 | Create | Archer |
| 21:18 | Create | Archer |
| 21:18 | Create | Archer |
| 21:25 | Create | Villager (Male) |
| 21:37 | Create | Villager (Male) |
| 21:40 | Build | House |
| 21:46 | Create | Villager (Male) |
| 22:17 | Build | House |
| 22:18 | Create | Archer |
| 22:18 | Create | Archer |
| 22:24 | Create | Archer |
| 22:24 | Create | Archer |
| 22:30 | Build | Palisade Gate |
| 22:34 | Build | House |
| 22:34 | Create | Spearman |
| 22:34 | Create | Spearman |
| 22:36 | Create | Villager (Male) |
| 22:46 | Build | House |
| 22:49 | Build | Palisade Wall |
| 22:52 | Create | Spearman |
| 22:52 | Create | Spearman |
| 23:30 | Create | Villager (Male) |
| 24:07 | Create | Archer |
| 24:07 | Create | Archer |
| 24:08 | Create | Archer |
| 24:08 | Create | Villager (Male) |
| 24:08 | Create | Villager (Male) |
| 24:22 | Build | House |
| 24:32 | Create | Archer |
| 24:33 | Create | Archer |
| 24:33 | Create | Villager (Male) |
| 24:36 | Create | Spearman |
Build order — doecke998
First 150 of 188 actions detected
| 0:01 | Create | Villager (Male) |
| 0:01 | Create | Villager (Male) |
| 0:01 | Create | Villager (Male) |
| 0:02 | Build | House |
| 0:03 | Build | House |
| 0:30 | Create | Villager (Male) |
| 1:29 | Create | Villager (Male) |
| 1:29 | Create | Villager (Male) |
| 2:14 | Create | Villager (Male) |
| 2:14 | Create | Villager (Male) |
| 2:14 | Create | Villager (Male) |
| 2:14 | Create | Villager (Male) |
| 2:19 | Build | Lumber Camp |
| 2:51 | Create | Villager (Male) |
| 2:51 | Create | Villager (Male) |
| 2:51 | Create | Villager (Male) |
| 2:51 | Create | Villager (Male) |
| 3:31 | Create | Villager (Male) |
| 3:31 | Create | Villager (Male) |
| 3:53 | Create | Villager (Male) |
| 3:53 | Create | Villager (Male) |
| 3:53 | Create | Villager (Male) |
| 4:02 | Build | House |
| 4:03 | Build | House |
| 4:05 | Build | House |
| 4:12 | Research | Loom |
| 4:39 | Create | Villager (Male) |
| 4:39 | Create | Villager (Male) |
| 4:39 | Create | Villager (Male) |
| 4:39 | Create | Villager (Male) |
| 4:45 | Build | Palisade Wall |
| 4:52 | Build | Palisade Wall |
| 4:59 | Build | Palisade Wall |
| 5:00 | Build | Palisade Wall |
| 5:31 | Create | Villager (Male) |
| 5:36 | Build | Mill |
| 6:25 | Build | Palisade Wall |
| 6:28 | Build | Palisade Wall |
| 6:43 | Build | Mill |
| 6:49 | Create | Villager (Male) |
| 6:50 | Create | Villager (Male) |
| 7:41 | Build | Palisade Wall |
| 7:45 | Create | Villager (Male) |
| 7:45 | Create | Villager (Male) |
| 8:22 | Build | Mining Camp |
| 8:48 | Create | Villager (Male) |
| 9:00 | Build | House |
| 9:05 | Research | Feudal Age |
| 9:24 | Build | Palisade Wall |
| 9:25 | Build | Palisade Wall |
| 9:26 | Build | Palisade Wall |
| 9:29 | Build | Palisade Wall |
| 9:38 | Build | Palisade Wall |
| 9:40 | Build | Palisade Wall |
| 11:04 | Create | Villager (Male) |
| 11:13 | Create | Villager (Male) |
| 11:24 | Build | Palisade Wall |
| 11:25 | Build | Palisade Wall |
| 11:29 | Age | Feudal Age |
| 11:42 | Build | Market |
| 12:13 | Create | Villager (Male) |
| 12:51 | Build | Blacksmith |
| 14:08 | Research | Castle Age |
| 15:47 | Build | Mining Camp |
| 16:47 | Build | Farm |
| 16:48 | Age | Castle Age |
| 16:49 | Build | Farm |
| 16:53 | Build | Castle |
| 16:58 | Build | Palisade Wall |
| 17:03 | Build | Palisade Wall |
| 17:17 | Build | Farm |
| 17:32 | Create | Villager (Male) |
| 17:43 | Create | Magyar Huszar |
| 17:43 | Create | Magyar Huszar |
| 17:54 | Create | Villager (Male) |
| 18:01 | Create | Magyar Huszar |
| 18:21 | Build | Farm |
| 18:36 | Create | Magyar Huszar |
| 18:36 | Create | Magyar Huszar |
| 18:56 | Build | Farm |
| 19:05 | Create | Magyar Huszar |
| 19:37 | Create | Magyar Huszar |
| 19:37 | Create | Magyar Huszar |
| 19:44 | Create | Magyar Huszar |
| 19:56 | Build | Farm |
| 20:06 | Create | Magyar Huszar |
| 20:31 | Create | Magyar Huszar |
| 20:31 | Create | Magyar Huszar |
| 20:41 | Build | Farm |
| 20:43 | Build | Farm |
| 20:44 | Create | Magyar Huszar |
| 20:44 | Create | Magyar Huszar |
| 21:00 | Create | Magyar Huszar |
| 21:01 | Create | Magyar Huszar |
| 21:12 | Create | Magyar Huszar |
| 21:12 | Create | Magyar Huszar |
| 21:34 | Create | Magyar Huszar |
| 21:34 | Create | Magyar Huszar |
| 21:45 | Create | Magyar Huszar |
| 21:45 | Create | Magyar Huszar |
| 21:52 | Create | Magyar Huszar |
| 21:52 | Create | Magyar Huszar |
| 22:07 | Create | Magyar Huszar |
| 22:07 | Create | Magyar Huszar |
| 22:23 | Create | Magyar Huszar |
| 22:23 | Create | Magyar Huszar |
| 22:33 | Build | Farm |
| 22:35 | Build | Farm |
| 22:36 | Create | Magyar Huszar |
| 22:36 | Create | Magyar Huszar |
| 22:37 | Create | Magyar Huszar |
| 22:37 | Create | Magyar Huszar |
| 22:57 | Create | Magyar Huszar |
| 23:04 | Create | Magyar Huszar |
| 23:31 | Build | Farm |
| 23:34 | Build | Farm |
| 23:35 | Create | Magyar Huszar |
| 23:35 | Create | Magyar Huszar |
| 23:37 | Create | Villager (Male) |
| 23:38 | Create | Villager (Male) |
| 23:55 | Create | Magyar Huszar |
| 23:55 | Create | Magyar Huszar |
| 24:19 | Create | Villager (Male) |
| 24:20 | Create | Villager (Male) |
| 24:35 | Create | Magyar Huszar |
| 24:44 | Create | Magyar Huszar |
| 24:44 | Create | Magyar Huszar |
| 25:03 | Research | Scale Barding Armor |
| 25:16 | Create | Magyar Huszar |
| 25:16 | Create | Magyar Huszar |
| 25:29 | Create | Magyar Huszar |
| 25:48 | Create | Magyar Huszar |
| 25:55 | Create | Magyar Huszar |
| 25:55 | Create | Magyar Huszar |
| 26:09 | Create | Villager (Male) |
| 26:09 | Create | Villager (Male) |
| 26:23 | Create | Magyar Huszar |
| 26:23 | Create | Magyar Huszar |
| 26:23 | Create | Magyar Huszar |
| 26:24 | Create | Magyar Huszar |
| 26:49 | Create | Magyar Huszar |
| 26:50 | Create | Magyar Huszar |
| 26:56 | Create | Magyar Huszar |
| 27:21 | Create | Magyar Huszar |
| 27:32 | Build | Farm |
| 27:33 | Create | Magyar Huszar |
| 27:33 | Create | Magyar Huszar |
| 27:47 | Create | Magyar Huszar |
| 27:47 | Create | Magyar Huszar |
| 27:47 | Create | Magyar Huszar |
Match timeline
| 4:45 | doecke998 · wall_segment Palisade Wall x6 |
| 4:52 | doecke998 · wall_segment Palisade Wall x1 |
| 4:59 | doecke998 · wall_segment Palisade Wall x1 |
| 5:00 | doecke998 · wall_segment Palisade Wall x1 |
| 6:19 | Menerell · first_building Barracks |
| 6:25 | doecke998 · wall_segment Palisade Wall x1 |
| 6:28 | doecke998 · wall_segment Palisade Wall x1 |
| 7:41 | doecke998 · wall_segment Palisade Wall x6 |
| 9:24 | doecke998 · wall_segment Palisade Wall x1 |
| 9:25 | doecke998 · wall_segment Palisade Wall x1 |
| 9:26 | doecke998 · wall_segment Palisade Wall x1 |
| 9:29 | doecke998 · wall_segment Palisade Wall x1 |
| 9:38 | doecke998 · wall_segment Palisade Wall x1 |
| 9:40 | doecke998 · wall_segment Palisade Wall x1 |
| 9:40 | Menerell · age_up feudal |
| 10:04 | Menerell · first_building Archery Range |
| 11:04 | Menerell · wall_segment Palisade Wall x11 |
| 11:24 | doecke998 · wall_segment Palisade Wall x1 |
| 11:25 | doecke998 · wall_segment Palisade Wall x1 |
| 11:29 | doecke998 · age_up feudal |
| 13:46 | doecke998 · first_market_sell 100 wood |
| 16:48 | doecke998 · age_up castle |
| 16:53 | doecke998 · first_building Castle |
| 16:58 | doecke998 · wall_segment Palisade Wall x1 |
| 17:03 | doecke998 · wall_segment Palisade Wall x1 |
| 17:11 | Menerell · wall_segment Palisade Wall x11 |
| 17:21 | Menerell · first_market_sell 100 stone |
| 17:21 | Menerell · first_market_buy 100 food |
| 17:35 | doecke998 · first_market_buy 100 food |
| 17:55 | Menerell · wall_segment Palisade Wall x1 |
| 18:03 | Menerell · wall_segment Palisade Wall x1 |
| 18:06 | Menerell · wall_segment Palisade Wall x5 |
| 18:09 | Menerell · wall_segment Palisade Wall x1 |
| 19:50 | Menerell · wall_segment Palisade Wall x3 |
| 20:17 | Menerell · age_up castle |
| 22:49 | Menerell · wall_segment Palisade Wall x1 |
| 25:30 | Menerell · wall_segment Palisade Wall x1 |
| 28:25 | Menerell · wall_segment Palisade Wall x1 |
| 28:40 | doecke998 · first_building Siege Workshop |
| 30:59 | Menerell · first_building Siege Workshop |
| 32:02 | doecke998 · resign |
[ AI ANALYSIS · 1 CREDIT ]
What really happened in this match?
Wolo.gg analyzes every decision: build order, eco, micro, common mistakes by bracket. Personalized analysis on WhatsApp or Discord in 30 seconds.
Civ guide
Shu
Map guide
Arabia
Perfil
Menerell